 Dungeon Crawl Stone Soup version 0.18.1-48-g4cf74bf (webtiles) character file.

230 Alarkh the Slasher (level 5, -2/38 HPs)
             Began as a Mummy Skald on Sept 13, 2016.
             Slain by an orc (4 damage)
             ... on level 4 of the Dungeon.
             The game lasted 00:03:44 (2990 turns).

Alarkh the Slasher (Mummy Skald)                    Turns: 2990, Time: 00:03:45

Health: -2/38      AC:  7    Str: 15    XL:     5   Next: 72%
Magic:  9/9        EV: 11    Int: 13    God:
Gold:   156        SH:  0    Dex: 11    Spells: 1 memorised, 9 levels left

rFire  + . .     SeeInvis .     b - +0 short sword (venom)
rCold  + . .     Gourm    .     m - +2 robe {rF+}
rNeg   + + +     Faith    .     (no shield)
rPois  ∞         Spirit   .     g - +2 hat
rElec  .         Dismiss  .     n - +0 cloak
rCorr  .         Reflect  .     (no gloves)
SustAt .         Harm     .     (no boots)
MR     .....                    (no amulet)
Stlth  +.........               (no ring)
                                k - ring of protection from fire

@: not resistant to hostile enchantments, very unstealthy
A: no food or potions, fire vulnerability, cold resistance 1, negative energy
resistance 3, torment resistance, unbreathing
a: no special abilities


You were on level 4 of the Dungeon.
You were not hungry.

You visited 1 branch of the dungeon, and saw 4 of its levels.

You collected 156 gold pieces.

Inventory:

Hand Weapons
 a - a +0 falchion
 b - a +0 short sword of venom (weapon)
 p - the +7 short sword of Valiance {speed, *Noise rC- rN+++ Int+9}
   (You found it on level 4 of the Dungeon)

   Attacks with this weapon are significantly faster.
   It affects your intelligence (+9).
   It makes you vulnerable to cold.
   It renders you almost immune to negative energy.
   It may make noises in combat.
Armour
 g - a +2 hat (worn)
 j - a +0 leather armour
 m - a +2 robe of fire resistance (worn)
 n - a +0 cloak (worn)
 o - a +2 leather armour of poison resistance
Jewellery
 k - a ring of protection from fire (left hand)
Wands
 f - a wand of paralysis (11/24)
Scrolls
 d - a scroll of enchant armour {unknown}
 e - 2 scrolls of teleportation {unknown}
 h - 2 scrolls of noise
 i - a scroll of immolation {unknown}
 l - a scroll of magic mapping {unknown}
Books
 c - a book of Battle

   Spells                             Type                      Level
   a - Infusion                       Charms                       1
   b - Shroud of Golubria             Charms/Translocation         2
   c - Song of Slaying                Charms                       2
   d - Spectral Weapon                Hexes/Charms                 3
   e - Regeneration                   Charms/Necromancy            3


   Skills:
 - Level 2.0 Fighting
 * Level 3.9 Long Blades
 - Level 0.7 Armour
 - Level 0.7 Dodging
 + Level 3.0 Spellcasting
 + Level 3.3 Charms


You had 9 spell levels left.
You knew the following spells:

 Your Spells              Type           Power        Failure   Level  Hunger
a - Infusion              Chrm           ##..         8%          1    N/A

Dungeon Overview and Level Annotations

Branches:
Dungeon (4/15)
 Temple: D:4-7

Altars:
Fedhas
Ru


Innate Abilities, Weirdness & Mutations

You do not eat or drink.
Your flesh is vulnerable to fire.
You are immune to poison.
Your flesh is cold resistant.
You are immune to negative energy.
You are immune to unholy pain and torment.
You can survive without breathing.


Message History

The worker ant bites you.
You hit the worker ant.
The worker ant is poisoned.
The worker ant is lightly wounded.
The worker ant bites you!
* * * LOW HITPOINT WARNING * * *
The worker ant bites you but does no damage.
You kill the worker ant!
You swing at nothing.
You hit the orc.
The orc is poisoned.
The orc is moderately wounded.
The orc hits you with a falchion.
* * * LOW HITPOINT WARNING * * *
You hit the orc.
You kill the orc!
You hit the orc but do no damage.
An orc wizard appears from thin air!
Reactivating autopickup.
The orc wizard hits you with a dagger.
* * * LOW HITPOINT WARNING * * *
The orc hits you.
You die...

#......o.......##...
#.>....#####..####..
##......#####...##...
#.........#..o.......
#..####..###.........
#...##....#....#..##.
#...##....†......## #
#..o##.........###
#..o@....#....##
##......#######
########


You could see an orc wizard and an orc.

Vanquished Creatures
  A howler monkey (D:4)
  An orc priest (D:4)
  Jessica (D:3)
  A worker ant (D:4)
  4 adders
  An ooze (D:2)
  2 worms (D:2)
  2 dart slugs
  3 giant geckos
  An orc (D:4)
  5 bats
  6 giant cockroaches
  5 hobgoblins
  3 jackals (D:1)
  A quokka (D:2)
  A ball python (D:1)
  5 giant newts
  9 goblins
  6 kobolds
  2 rats (D:1)
60 creatures vanquished.

Notes
Turn   | Place    | Note
--------------------------------------------------------------
     0 | D:1      | Alarkh the Mummy Skald began the quest for the Orb.
     0 | D:1      | Reached XP level 1. HP: 16/16 MP: 3/3
   380 | D:1      | Reached XP level 2. HP: 20/22 MP: 1/5
  1188 | D:2      | Reached XP level 3. HP: 22/27 MP: 1/6
  1653 | D:2      | Found a sacrificial altar of Ru.
  2138 | D:2      | Reached XP level 4. HP: 25/33 MP: 7/7
  2180 | D:2      | Found a blossoming altar of Fedhas.
  2416 | D:3      | Noticed Jessica
  2422 | D:3      | Killed Jessica
  2658 | D:4      | Reached XP level 5. HP: 35/38 MP: 9/9
  2853 | D:4      | Got a bloodstained short sword
  2854 | D:4      | Identified the +7 short sword of Valiance {speed, *Noise rC- rN+++ Int+9} (You found it on level 4 of the Dungeon)
  2990 | D:4      | Slain by an orc

Skill      XL: |  1  2  3  4  5 |
---------------+----------------+-----
Long Blades    | 2 3 |  3.9
Charms         | 3 |  3.3
Spellcasting   | 3 |  3.0
Fighting       | |  2.0
Armour         | |  0.7
Dodging        | |  0.7

Action                   |  1- 3 |  4- 6 || total
-------------------------+-------+-------++-------
Melee: Falchion          |   143 |     2 ||   145
       Short sword       |     9 |    61 ||    70
 Cast: Infusion          |    23 |     1 ||    24
Evoke: Wand              |     1 |       ||     1
  Use: Scroll            |       |     1 ||     1
 Stab: Paralysed         |     5 |       ||     5
Armor: Leather armour    |    59 |     7 ||    66
       Robe              |       |    24 ||    24
Dodge: Dodged            |   135 |    38 ||   173
